 Dungeon Sprint DCSS version 0.27-a0-67-g4bfc8a49e1 (webtiles) character file.

Game seed: 15855266696745649320

1227 mhtbhm the Carver (level 8, -18/112 HPs)
             Began as a Human Berserker on Jan 9, 2021.
             Was a High Priest of Trog.
             Demolished by Snorg (20 damage)
             ... in the Dungeon (Sprint III: "The Ten Rune Challenge").
             The game lasted 00:02:13 (1049 turns).

mhtbhm the Carver (Human Berserker)                 Turns: 1049, Time: 00:02:13

Health: -18/112    AC:  4    Str: 17    XL:     8   Next: 76%
Magic:  8/8        EV: 15    Int:  7    God:    Trog [*****.]
Gold:   36         SH:  0    Dex: 14    Spells: 7/7 levels left

rFire    . . .     SeeInvis .   a - +1 long sword (holy)
rCold    + . .     Faith    .   (no shield)
rNeg     . . .     Spirit   .   b - +0 animal skin
rPois    .         Reflect  .   (no helmet)
rElec    .         Harm     .   i - +0 cloak
rCorr    .         Rampage  .   q - +0 pair of gloves
Will     .....     NoTele   +   (no boots)
Stlth    ..........             (no amulet)
HPRegen  0.28/turn              (no ring)
MPRegen  0.11/turn              (no ring)

@: berserking (expiring), very quick
A: talons 1, cold resistance 1, sense surroundings 1, weak 1
a: Renounce Religion, Berserk, Trog's Hand, Brothers in Arms


You were in the Dungeon.
You worshipped Trog.
Trog was extremely pleased with you.
You visited 1 branch You collected 36 gold pieces.

Inventory:

Hand Weapons
 a - a +1 long sword of holy wrath (weapon)
Armour
 b - a +0 animal skin (worn)
 i - a +0 cloak (worn)
 q - a +0 pair of gloves (worn)
Scrolls
 h - a scroll of blinking
 k - 2 scrolls of holy word {unknown}
 l - a scroll of identify {unknown}
 m - 3 scrolls of remove curse
 n - a scroll of magic mapping {unknown}
Potions
 c - 2 potions of curing
 d - 2 potions of heal wounds
 e - a potion of haste
 f - 2 potions of magic
 g - 2 potions of berserk rage
 j - a potion of might
 o - a potion of ambrosia {unknown}
 p - 2 potions of flight
Miscellaneous
 r - a box of beasts


   Skills:
 + Level 11.1 Fighting
 + Level 12.8 Long Blades
 + Level 4.9 Armour
 + Level 5.8 Dodging
 + Level 1.4 Stealth


You had 7 spell levels left.
You didn't know any spells.
Your spell library was empty.

Dungeon Overview and Level Annotations

Branches:
Dungeon (1/1)

Altars:
Cheibriados
Dithmenos
Elyvilon
Fedhas
Gozag
Hepliaklqana
Kikubaaqudgha
Makhleb
Nemelex Xobeh
Okawaru
Qazlal
Ru
Sif Muna
Trog
Uskayaw
Vehumet
Wu Jian
Xom
Yredelemnul
Zin
The Shining One
Beogh
Jiyva
Lugonu

Annotations:
D Snorg


Innate Abilities, Weirdness & Mutations

You have sharp toenails.
Your flesh is cold resistant. (rC+)
You passively map a small area around you.
You are weak. (Str -2)


Message History

You slash Snorg!
Snorg is heavily wounded.
Snorg bites you!
* * * LOW HITPOINT WARNING * * *
Snorg claws you!
* * * LOW HITPOINT WARNING * * *
Snorg misses you.
You slash Snorg!
Snorg is heavily wounded.
You slash Snorg!
Snorg is severely wounded.
Snorg completely misses you.
You riposte.
You slash Snorg!
Snorg is severely wounded.
Snorg claws you!!
* * * LOW HITPOINT WARNING * * *
Snorg closely misses you.
You slash Snorg!
Snorg is almost dead.
Snorg misses you. Snorg claws you!!
You die...

.#...#__.#._# , , ,
.###'#'###)## , , ,
.#..........# ,
.'.⌠....)...# *
.#...######'#, , **
.#.⌠.#__#...#+##### *
.#...#__#...#..≈§≈+
*,
.#)###__#...#.#≈§§#,*
, .#)::#__#...'.#T@§#
* .#___#__'...#.#.§§#
, ▓▓▓▓▓▓▓▓▓▓▓▓▓▓▓▓▓▓▓
, , , , ≈ * + ≈ ≈ ≈ *
, ** * * * , *** * ,
* + * * * * * *


You could see Snorg (berserk).

Vanquished Creatures
  A deep elf mage (D)
  A shadow (D)
  A spatial vortex (D)
  A necrophage (D)
  A water elemental (D)
  A jelly (D)
  Crazy Yiuf (D)
  A wizard (D)
  A necromancer (D)
  3 humans (D)
  A kobold demonologist (D)
  4 rats (D)
17 creatures vanquished.

Notes
Turn   | Place    | Note
-------+----------+-------------------------------------------
     0 | D        | mhtbhm the Human Berserker began the quest for the Orb.
     0 | D        | Reached XP level 1. HP: 18/18 MP: 1/1
    21 | D        | Reached ** piety under Trog
   159 | D        | Reached skill level 4 in Long Blades
   159 | D        | Reached XP level 2. HP: 26/26 MP: 2/2
   159 | D        | Reached XP level 3. HP: 31/31 MP: 3/3
   252 | D        | Noticed Crazy Yiuf
   262 | D        | Killed Crazy Yiuf
   263 | D        | Reached skill level 5 in Fighting
   263 | D        | Reached skill level 5 in Long Blades
   263 | D        | Reached XP level 4. HP: 36/39 MP: 0/4
   325 | D        | Gained mutation: You do not regenerate when monsters are
                  | visible. [potion of mutation]
   325 | D        | Gained mutation: You expend magic power (3 MP) to
                  | strengthen your wands. [potion of mutation]
   326 | D        | Lost mutation: You do not regenerate when monsters are
                  | visible. [potion of mutation]
   326 | D        | Gained mutation: You tend to lose your temper in combat.
                  | [potion of mutation]
   326 | D        | Gained mutation: You are agile. (Dex +2) [potion of
                  | mutation]
   327 | D        | Lost mutation: You are agile. (Dex +2) [potion of mutation]
   327 | D        | Lost mutation: You tend to lose your temper in combat.
                  | [potion of mutation]
   327 | D        | Lost mutation: You expend magic power (3 MP) to strengthen
                  | your wands. [potion of mutation]
   327 | D        | Gained mutation: You are weak. (Str -2) [potion of
                  | mutation]
   327 | D        | Gained mutation: You passively map a small area around you.
                  | [potion of mutation]
   327 | D        | Gained mutation: Your flesh is cold resistant. (rC+)
                  | [potion of mutation]
   327 | D        | Gained mutation: You have sharp toenails. [potion of
                  | mutation]
   388 | D        | Noticed a water elemental
   395 | D        | Killed a water elemental
   395 | D        | Reached *** piety under Trog
   396 | D        | Reached skill level 6 in Long Blades
   396 | D        | Reached XP level 5. HP: 40/46 MP: 5/5
   513 | D        | Found a glowing silver altar of Zin.
   513 | D        | Found a glowing golden altar of the Shining One.
   513 | D        | Found a white marble altar of Elyvilon.
   513 | D        | Noticed a deep elf mage
   522 | D        | Noticed a fire elemental
   524 | D        | Killed a deep elf mage
   525 | D        | Reached skill level 10 in Long Blades
   525 | D        | Reached skill level 5 in Dodging
   525 | D        | Reached skill level 1 in Stealth
   525 | D        | Reached XP level 6. HP: 58/58 MP: 6/6
   525 | D        | Reached XP level 7. HP: 64/64 MP: 7/7
   600 | D        | Found a basalt altar of Yredelemnul.
   600 | D        | Found a shadowy altar of Dithmenos.
   600 | D        | Found a sacrificial altar of Ru.
   603 | D        | Reached skill level 11 in Long Blades
   605 | D        | Reached **** piety under Trog
   753 | D        | Found a hide-covered altar of Uskayaw.
   753 | D        | Found a roughly hewn altar of Beogh.
   753 | D        | Found an iron altar of Okawaru.
   753 | D        | Found a bloodstained altar of Trog.
   753 | D        | Found an ornate altar of the Wu Jian Council.
   753 | D        | Noticed a human
   754 | D        | Noticed a human
   759 | D        | Killed a human
   760 | D        | Reached skill level 10 in Fighting
   760 | D        | Reached XP level 8. HP: 72/72 MP: 8/8
   761 | D        | Killed a human
   762 | D        | Reached skill level 12 in Long Blades
   825 | D        | Found a radiant altar of Vehumet.
   825 | D        | Found a shimmering blue altar of Sif Muna.
   825 | D        | Found an ancient bone altar of Kikubaaqudgha.
   835 | D        | Reached ***** piety under Trog
   871 | D        | Noticed a shadow
   873 | D        | Killed a shadow
   906 | D        | Found a blossoming altar of Fedhas.
   906 | D        | Found a stormy altar of Qazlal.
   906 | D        | Found a snail-covered altar of Cheibriados.
   906 | D        | Found a burning altar of Makhleb.
   906 | D        | Found a shimmering altar of Xom.
   907 | D        | Found a hazy altar of Hepliaklqana.
   907 | D        | Found an opulent altar of Gozag.
   907 | D        | Found a sparkling altar of Nemelex Xobeh.
   907 | D        | Found a corrupted altar of Lugonu.
   907 | D        | Found a viscous altar of Jiyva.
  1038 | D        | Noticed Snorg
  1048 | D        | HP: 2/112 [Snorg (19)]
  1049 | D        | Demolished by Snorg

Illustrated notes

Levels and vault maps discovered:
D:        dungeon_sprint_mu [sprint_mu_entry_forest, sprint_mu_temple_rooms,
          sprint_mu_d1_horrors, sprint_mu_d2_genie, sprint_mu_d3_branching,
          sprint_mu_orc_legion, sprint_mu_elf_gauntlet, sprint_mu_hive_nellie,
          sprint_mu_lair_fedhas, sprint_mu_vaults_butterflies,
          sprint_mu_slime_circle, sprint_mu_swamp_cave, sprint_mu_shoals_archi,
          sprint_mu_blade_basic, sprint_mu_crypt_fortress,
          sprint_mu_tomb_spiral, sprint_mu_vestibule_basic,
          sprint_mu_gehenna_hellfire, sprint_mu_dis_giant,
          sprint_mu_tartarus_statrot, sprint_mu_cocytus_islands, sprint_mu_zot1]

Skill      XL: |  1  2  3  4  5  6  7  8 |
---------------+-------------------------+-----
Fighting       | 4 5 6 9 10 11 | 11.1
Long Blades    | 4 5 6 10 11 12 | 12.8
Armour         | 3 4 |  4.9
Dodging        | 3 5 |  5.8
Stealth        | 1 |  1.4

Action                   |  1- 3 |  4- 6 |  7- 9 || total
-------------------------+-------+-------+-------++-------
Melee: Falchion          |    20 |    14 |       ||    34
       Kick              |       |     1 |     9 ||    10
       Long sword        |       |       |    37 ||    37
Invok: Berserk           |     2 |     2 |     3 ||     7
  Use: Potion            |       |     3 |       ||     3
Armor: Animal skin       |     2 |       |     6 ||     8
Dodge: Dodged            |     4 |     5 |    16 ||    25
       Rpst.: Falchion   |     3 |     2 |       ||     5
       Long sword        |       |       |     4 ||     4

Table legend: (Time is in decaauts)
 A = Elapsed time spent in this place.
 B = Non-inter-level travel time spent in this place.
 C = Inter-level travel time spent in this place.
 D = Time resting spent in this place.
 E = Time spent auto-exploring this place.
 F = Levels seen in this place.
 G = Mean time per level.
                   A        B        C        D        E       F      G
               +--------+--------+--------+--------+--------+-----+--------+
         Total |   1099 |   1099 |      0 |    688 |    128 |   1 | 1099.0 |
       Dungeon |   1099 |   1099 |      0 |    688 |    128 |   1 | 1099.0 |
               +--------+--------+--------+--------+--------+-----+--------+

Top non-repeatable levels by time:
       D: 1099 daAuts
